 Dungeon Sprint DCSS version 0.13-a0-1762-gc06daff (webtiles) character file.

68359 Bloax the Anemomancer (level 14, -1/133 HPs)
             Began as a Djinni Air Elementalist on June 21, 2013.
             Was the Champion of Vehumet.
             Slain by an azure jelly (35 damage)
             ... in the Dungeon (Sprint V: "Ziggurat Sprint") on June 22, 2013.
             The game lasted 00:29:00 (2876 turns).

Bloax the Anemomancer (Djinni Air Elementalist)     Turns: 2876, Time: 00:29:00

HP  -1/133 (99)  AC 36     Str 16      XL: 14   Next: 80%
MP   0/0         EV  7     Int 20      God: Vehumet [******]
Gold 20          SH 32     Dex 17      Spells:  6 memorised, 25 levels left

Res.Fire  : + + +   See Invis. : .   i - +8 autumn katana {slice, Clar}
Res.Cold  : . . .   Warding    : .   c - +10 storm dragon armour
Life Prot.: + + +   Conserve   : .   F - +6 shield of the gong {Spirit, rElec rN+ M
Res.Poison: +       Res.Corr.  : .   P - +0 plumed helmet {Int+3}
Res.Elec. : +       Clarity    : +   M - +1 ratskin cloak {rPois rN+ Dex-1 Int-1}
Sust.Abil.: . .     Spirit.Shd : +   Q - +1 pair of gauntlets {Dex+3}
Res.Mut.  : .       Prev.Telep.: +   (boots unavailable)
Res.Rott. : .       Flight     : .   G - cursed necklace of Bloodlust {*Rage +Rage Saprovore : . . . J - ring of wizardry q - +6 ring of strength

@: hasted, very quick, extremely resistant to hostile enchantments, extremely
unstealthy
A: no striking features
a: Renounce Religion, Evoke Berserk Rage


You were in the Dungeon.
You worshipped Vehumet.
Vehumet was exalted by your worship.
You were not hungry.

You visited 1 branch


   Skills:
 + Level 14.4 Fighting
 - Level 15.1 Long Blades
 - Level 4.3 Maces & Flails
 + Level 20.1 Armour
 + Level 6.6 Dodging
 - Level 2.1 Stealth
 - Level 12.6 Shields
 - Level 15.9 Spellcasting
 - Level 6.1 Conjurations
 + Level 21.9 Air Magic
 + Level 20.6 Evocations


You had 25 spell levels left.
You knew the following spells:

 Your Spells              Type           Power        Failure   Level  Hunger
b - Static Discharge      Conj/Air       ######..     1%          3    None
c - Swiftness             Chrm/Air       ######....   1%          2    None
d - Airstrike             Air            #######...   1%          4    None
e - Repel Missiles        Chrm/Air       ######....   1%          2    None
f - Apportation           Tloc           ###.......   32%         1    None
g - Orb of Destruction    Conj           #####.....   99%         7    ######.


Dungeon Overview and Level Annotations

Branches:
Dungeon (1/1)

Altars:
Ashenzari
Cheibriados
Elyvilon
Fedhas
Kikubaaqudgha
Makhleb
Nemelex Xobeh
Okawaru
Sif Muna
Trog
Vehumet
Xom
Yredelemnul
Zin
the Shining One
Beogh
Jiyva
Lugonu

Inventory:

Hand weapons
 i - the +8,+8 autumn katana (weapon) {slice, Clar}
   (You found it in the Dungeon)

   It inflicts extra damage upon your enemies.
   It protects you against confusion.
 w - the +6,+6 Lehudib's crystal spear (quivered) {return, Int+3}
   (You found it in the Dungeon)

   A skilled user can throw it in such a way that it will return to its owner.
   It affects your intelligence (+3).
 E - the +4,+8 shillelagh "Devastator"
   (You found it in the Dungeon)
 S - the +2,+9 spear of Pnism {vamp, rC+}
   (You took it off a yaktaur in the Dungeon)

   It inflicts no extra harm, but heals its wielder somewhat when it strikes a
   living foe.
   It protects you from cold.
Armour
 c - a +10 storm dragon armour (worn)
   (You found it in the Dungeon)
 F - the +6 shield of the gong (worn) {Spirit, rElec rN+ MR+}
   (You found it in the Dungeon)

   It insulates you from electricity.
   It protects you from negative energy.
   It affects your resistance to hostile enchantments.
 M - the +1 ratskin cloak (worn) {rPois rN+ Dex-1 Int-1}
   (You found it in the Dungeon)

   It affects your intelligence (-1).
   It affects your dexterity (-1).
   It protects you from poison.
   It protects you from negative energy.
 P - a +0 plumed helmet of intelligence (worn)
   (You found it in the Dungeon)
 Q - a +1 pair of gauntlets of dexterity (worn)
   (You found it in the Dungeon)
Magical devices
 r - a wand of disintegration (7)
   (You found it in the Dungeon)
 s - a wand of fire (5)
   (You found it in the Dungeon)
 t - a wand of cold (5)
   (You found it in the Dungeon)
 u - a wand of draining (5)
   (You found it in the Dungeon)
 C - a wand of hasting (4)
   (You took it off an iron imp in the Dungeon)
 O - a wand of heal wounds (3)
   (You found it in the Dungeon)
Scrolls
 x - a scroll of enchant weapon III
Jewellery
 l - an uncursed amulet of resist mutation
   (You found it in the Dungeon)
 o - a +6 ring of intelligence
   (You found it in the Dungeon)
 p - a +6 ring of intelligence
   (You found it in the Dungeon)
 q - a +6 ring of strength (left hand)
   (You found it in the Dungeon)
 v - an uncursed ring of protection from magic {unknown}
   (You acquired it in the Dungeon)
 G - the cursed necklace of Bloodlust (around neck) {*Rage +Rage MR+ Str+2 Int-2 Dam+5 Stlth- Curse}
   (You found it in the Dungeon)

   [amulet of rage]

   It affects your strength (+2).
   It affects your intelligence (-2).
   It affects your damage-dealing abilities (+5).
   It affects your resistance to hostile enchantments.
   It makes you angry.
   It may recurse itself.
   It makes you less stealthy.
   It has a curse placed upon it.
 J - a ring of wizardry (right hand)
   (You found it in the Dungeon)
 N - the ring "Thruag" {SustAb MR++ Dex+1 Int+4}
   (You found it in the Dungeon)

   [ring of sustain abilities]

   It affects your intelligence (+4).
   It affects your dexterity (+1).
   It affects your resistance to hostile enchantments.
Potions
 a - 2 potions of brilliance
 d - 3 potions of curing
 e - 2 potions of heal wounds
 f - a potion of speed
 g - 3 potions of magic
 h - 3 potions of berserk rage
 j - 2 potions of restore abilities
 k - 2 potions of resistance
 m - 5 potions of agility
 n - 5 potions of might
 A - a potion of invisibility
Books
 b - a book of Air

   Spells                             Type                      Level
   Shock                              Conjuration/Air              1
   *Swiftness                         Charms/Air                   2
   *Repel Missiles                    Charms/Air                   2
   Flight                             Charms/Air                   3
   *Static Discharge                  Conjuration/Air              3
   Lightning Bolt                     Conjuration/Air              5
 K - a book of Party Tricks
   (You found it in the Dungeon)

   Spells                             Type                      Level
   Summon Butterflies                 Summoning                    1
   *Apportation                       Translocation                1
   Blink                              Translocation                2
   Alistair's Intoxication            Transmutation/Poison         4
   Tukima's Dance                     Hexes                        5
 L - Ryediun's Volume of Enthralling Conjuration
   (You found it in the Dungeon)

   Spells                             Type                      Level
   Sting                              Conjuration/Poison           1
   Corona                             Hexes                        1
   Inner Flame                        Hexes/Fire                   3
   Venom Bolt                         Conjuration/Poison           5
   Fulminant Prism                    Conjuration/Hexes            5
 R - a book of Wizardry
   (You found it in the Dungeon)

   Spells                             Type                      Level
   Summon Elemental                   Summoning                    4
   Agony                              Necromancy                   5
   Lightning Bolt                     Conjuration/Air              5
   Fireball                           Conjuration/Fire             5
   Haste                              Charms                       6
   Invisibility                       Hexes                        6
Magical staves
 z - an uncursed staff of wizardry {!a}
   (You found it in the Dungeon)
Miscellaneous
 y - a fan of gales
   (You found it in the Dungeon)
 B - a fan of gales
   (You found it in the Dungeon)
 D - a disc of storms
   (You found it in the Dungeon)
 H - a phial of floods
   (You found it in the Dungeon)

...........#.###...)(###.#.
...........#..#...())(#(.#.
..........¤¤#..~....))(().#.
.....¤...~G¤¤#.......)(.(..#.
......~~.JJ.G¤###############.
.........¤¤¤¤J.# #.
.........~¤¤¤JJ# #.
..........¤¤JJJ# #.
#..............@# #.
#...............# ##
#################


You could see 2 azure jellies, 2 giant amoebae, a large slime creature, a slime
creature, 2 shining eyes, a brown ooze and a jelly.


Message History

The orb of electricity engulfs the azure jelly.
The azure jelly is moderately wounded.
The orb of electricity engulfs you! You resist.
* * * LOW HITPOINT WARNING * * *
The orb of electricity engulfs the jelly.
You kill the jelly!
Vehumet accepts your kill.
You feel your power returning.
The orb of electricity engulfs the giant amoeba.
The giant amoeba is lightly wounded.
You hear a clap of thunder!
The orb of electricity engulfs the jelly.
You kill the jelly!
Vehumet accepts your kill.
You feel your power returning.
The orb of electricity engulfs the brown ooze.
You kill the brown ooze!
Vehumet accepts your kill.
The orb of electricity engulfs the shining eye.
The shining eye is almost dead.
The orb of electricity engulfs the brown ooze.
The brown ooze is almost dead.
The orb of electricity engulfs the large slime creature.
The large slime creature is almost dead.
The orb of electricity engulfs the slime creature.
The slime creature is moderately wounded.
The orb of electricity engulfs the brown ooze.
You kill the brown ooze!
Vehumet accepts your kill.
You feel your power returning. You block the azure jelly's attack.
GONNNNG!
The azure jelly barely misses you.
The azure jelly hits you but does no damage.
A jelly comes into view.
Unknown command.
Unknown command.
Unknown command.
You slice the azure jelly!!
The azure jelly is severely wounded.
The azure jelly hits you but does no damage.
You block the azure jelly's attack.
PTOANNNG!
You block the azure jelly's attack.
GONNNNG!
The azure jelly hits you.
* * * LOW HITPOINT WARNING * * *
You hit the azure jelly.
The azure jelly is severely wounded.
Unknown command.
Unknown command.
Drink which item? (? for menu, Esc to quit)
You feel protected.
The azure jelly hits you but does no damage.
The azure jelly barely misses you.
The azure jelly hits you but does no damage.
The azure jelly hits you.
* * * LOW HITPOINT WARNING * * *
Unknown command.
You closely miss the azure jelly.
The azure jelly is severely wounded.
The azure jelly hits you but does no damage.
You block the azure jelly's attack.
GONNNNG!
You block the azure jelly's attack.
GONNNNG!
The azure jelly hits you but does no damage.
The azure jelly hits you.
* * * LOW HITPOINT WARNING * * *
The azure jelly freezes you!
You die...

Action                   |  1- 3 |  4- 6 |  7- 9 | 10-12 | 13-15 || total
-------------------------+-------+-------+-------+-------+-------++-------
Melee: Shillelagh        |     3 |     7 |    54 |    12 |       ||    76
       Katana            |       |       |       |   141 |    48 ||   189
       Spear             |       |       |       |       |    17 ||    17
 Cast: Swiftness         |       |       |       |     3 |     3 ||     6
       Airstrike         |       |       |       |     1 |       ||     1
       Apportation       |       |       |       |     1 |       ||     1
       Static Discharge  |       |       |       |       |     3 ||     3
Evoke: Wand              |     1 |     6 |     8 |     1 |       ||    16
       Miscellaneous     |       |       |       |    47 |    24 ||    71
  Use: Potion            |     1 |     2 |     1 |    18 |     3 ||    25
       Scroll            |       |     1 |     2 |    10 |     3 ||    16
 Stab: Invisible         |     1 |     1 |       |       |       ||     2

Vault maps used:
D:        sprint_v

Notes
Turn   | Place    | Note
--------------------------------------------------------------
     0 | D        | Bloax, the Djinni Air Elementalist, began the quest for the Orb.
     0 | D        | Reached XP level 1. HP: 14/14 MP: 0/0
     0 | D        | Found an ancient bone altar of Kikubaaqudgha.
     1 | D        | Found an iron altar of Okawaru.
     1 | D        | Found a basalt altar of Yredelemnul.
     4 | D        | Found a shimmering altar of Xom.
     4 | D        | Found a radiant altar of Vehumet.
     4 | D        | Banished a spatial maelstrom
    21 | D        | Found a burning altar of Makhleb.
    22 | D        | Found a white marble altar of Elyvilon.
    24 | D        | Found a deep blue altar of Sif Muna.
    24 | D        | Found a sparkling altar of Nemelex Xobeh.
    27 | D        | Found a bloodstained altar of Trog.
    74 | D        | Became a worshipper of Vehumet
    80 | D        | Entered arena 1.
    83 | D        | Reached skill level 2 in Dodging
    83 | D        | Reached skill level 2 in Stealth
    83 | D        | Reached skill level 2 in Spellcasting
    83 | D        | Reached skill level 2 in Conjurations
    83 | D        | Reached skill level 4 in Air Magic
    83 | D        | Reached XP level 2. EP: 17/22
    88 | D        | Entered arena 2.
    88 | D        | Noticed a water moccasin
    88 | D        | Noticed a water moccasin
    92 | D        | Killed a water moccasin
    92 | D        | Acquired Vehumet's first power
    92 | D        | Offered knowledge of Magic Dart by Vehumet.
    92 | D        | Reached skill level 2 in Maces & Flails
    92 | D        | Reached skill level 3 in Armour
    92 | D        | Reached skill level 2 in Shields
    92 | D        | Reached skill level 3 in Spellcasting
    92 | D        | Reached skill level 5 in Air Magic
    92 | D        | Reached XP level 3. EP: 21/28
    92 | D        | Reached XP level 4. EP: 27/36
    94 | D        | Killed a water moccasin
    94 | D        | Reached skill level 3 in Maces & Flails
    94 | D        | Reached skill level 3 in Shields
    94 | D        | Reached skill level 4 in Spellcasting
    94 | D        | Reached skill level 6 in Air Magic
    94 | D        | Reached XP level 5. EP: 34/43
   103 | D        | Entered arena 3.
   103 | D        | Noticed a death cob
   103 | D        | Noticed a draconian
   103 | D        | Noticed a mottled draconian
   103 | D        | Noticed a draconian
   106 | D        | Killed a draconian
   106 | D        | Reached skill level 4 in Maces & Flails
   106 | D        | Reached skill level 4 in Armour
   106 | D        | Reached skill level 4 in Shields
   106 | D        | Reached skill level 5 in Spellcasting
   106 | D        | Reached skill level 7 in Air Magic
   109 | D        | Reached skill level 8 in Fighting
   109 | D        | Reached XP level 6. EP: 52/58
   113 | D        | Entered arena 4.
   113 | D        | Noticed a flying skull
   113 | D        | Noticed an iron imp
   117 | D        | Killed an iron imp
   117 | D        | Reached skill level 5 in Armour
   120 | D        | Killed a flying skull
   120 | D        | Acquired Vehumet's second power
   120 | D        | Reached skill level 6 in Armour
   120 | D        | Reached skill level 5 in Shields
   120 | D        | Reached skill level 6 in Spellcasting
   120 | D        | Reached skill level 8 in Air Magic
   120 | D        | Reached XP level 7. EP: 39/66
   222 | D        | Entered arena 5.
   222 | D        | Noticed a phantom
   222 | D        | Noticed a phantom
   222 | D        | Noticed a phantom
   226 | D        | Offered knowledge of Throw Frost by Vehumet.
   249 | D        | Killed a phantom
   249 | D        | Reached skill level 6 in Shields
   249 | D        | Reached skill level 7 in Spellcasting
   260 | D        | Killed a phantom
   260 | D        | Acquired Vehumet's third power
   260 | D        | Reached skill level 7 in Armour
   260 | D        | Reached skill level 9 in Air Magic
   262 | D        | Killed a phantom
   329 | D        | Learned a level 3 spell: Static Discharge
   329 | D        | Entered arena 6.
   329 | D        | Noticed a black mamba
   329 | D        | Noticed a water moccasin
   329 | D        | Noticed a black mamba
   329 | D        | Noticed a naga mage
   334 | D        | Killed a water moccasin
   334 | D        | Killed a black mamba
   334 | D        | Reached skill level 8 in Armour
   334 | D        | Reached skill level 7 in Shields
   334 | D        | Reached skill level 8 in Spellcasting
   334 | D        | Reached skill level 4 in Conjurations
   334 | D        | Reached skill level 10 in Air Magic
   334 | D        | Reached XP level 8. EP: 55/77
   334 | D        | Killed a black mamba
   334 | D        | Reached skill level 9 in Armour
   334 | D        | Reached skill level 8 in Shields
   334 | D        | Reached skill level 9 in Spellcasting
   334 | D        | Reached skill level 5 in Conjurations
   338 | D        | Killed a naga mage
   338 | D        | Reached skill level 6 in Conjurations
   338 | D        | Reached skill level 11 in Air Magic
   482 | D        | Entered arena 7.
   482 | D        | Noticed a centaur
   482 | D        | Noticed a merfolk
   482 | D        | Noticed a hippogriff
   482 | D        | Noticed a merfolk
   482 | D        | Noticed a merfolk
   482 | D        | Noticed a hippogriff
   488 | D        | Killed a centaur
   488 | D        | Offered knowledge of Mephitic Cloud by Vehumet.
   488 | D        | Reached skill level 3 in Evocations
   489 | D        | Killed a merfolk
   489 | D        | Reached skill level 5 in Evocations
   489 | D        | Reached XP level 9. EP: 71/84
   489 | D        | Killed a merfolk
   489 | D        | Reached skill level 7 in Evocations
   491 | D        | Killed a hippogriff
   491 | D        | Reached skill level 8 in Evocations
   492 | D        | Killed a hippogriff
   492 | D        | Reached skill level 9 in Evocations
   493 | D        | Killed a merfolk
   493 | D        | Reached skill level 10 in Evocations
   499 | D        | Entered arena 8.
   499 | D        | Noticed a fire vortex
   499 | D        | Noticed an efreet
   499 | D        | Noticed a hell hog
   499 | D        | Noticed a hell hound
   499 | D        | Noticed a fire vortex
   499 | D        | Noticed a fire elemental
   499 | D        | Noticed a fire vortex
   501 | D        | Killed a hell hound
   502 | D        | Killed a fire elemental
   502 | D        | Reached skill level 9 in Shields
   502 | D        | Reached skill level 10 in Spellcasting
   503 | D        | Killed a fire vortex
   503 | D        | Reached skill level 10 in Armour
   503 | D        | Killed a hell hog
   503 | D        | Reached skill level 12 in Air Magic
   508 | D        | Killed an efreet
   508 | D        | Reached skill level 10 in Shields
   508 | D        | Reached skill level 11 in Spellcasting
   518 | D        | Learned a level 2 spell: Swiftness
   518 | D        | Entered arena 9.
   518 | D        | Noticed a polar bear
   518 | D        | Noticed an ice beast
   518 | D        | Noticed a freezing wraith
   518 | D        | Noticed a blue devil
   518 | D        | Noticed a freezing wraith
   524 | D        | Killed a blue devil
   524 | D        | Reached skill level 11 in Armour
   524 | D        | Reached XP level 10. EP: 72/93
   524 | D        | Killed an ice beast
   528 | D        | Killed a polar bear
   528 | D        | Killed a freezing wraith
   528 | D        | Reached skill level 13 in Air Magic
   528 | D        | Killed a freezing wraith
   734 | D        | Entered arena 10.
   734 | D        | Noticed a tarantella
   734 | D        | Noticed a redback
   734 | D        | Noticed a tarantella
   734 | D        | Noticed a jumping spider
   734 | D        | Noticed a jumping spider
   734 | D        | Noticed a jumping spider
   734 | D        | Noticed a jumping spider
   734 | D        | Noticed a redback
   738 | D        | Killed a redback
   738 | D        | Offered knowledge of Airstrike by Vehumet.
   738 | D        | Killed a jumping spider
   738 | D        | Reached skill level 12 in Spellcasting
   738 | D        | Killed a tarantella
   738 | D        | Reached skill level 11 in Shields
   741 | D        | Killed a tarantella
   745 | D        | Killed a jumping spider
   745 | D        | Reached skill level 12 in Armour
   745 | D        | Killed a jumping spider
   745 | D        | Killed a redback
   755 | D        | Killed a jumping spider
   905 | D        | Learned a level 4 spell: Airstrike
   935 | D        | Learned a level 2 spell: Repel Missiles
   935 | D        | Entered arena 11.
   935 | D        | Noticed a swamp dragon
   935 | D        | Noticed a mottled dragon
   935 | D        | Noticed a swamp drake
   935 | D        | Noticed a swamp dragon
   935 | D        | Noticed a fire drake
   935 | D        | Noticed an eight-headed hydra
   935 | D        | Noticed a wyvern
   935 | D        | Noticed a swamp drake
   936 | D        | Noticed a fire drake
   936 | D        | Noticed a swamp dragon
   939 | D        | Killed a swamp drake
   939 | D        | Offered knowledge of Throw Icicle by Vehumet.
   939 | D        | Killed a mottled dragon
   939 | D        | Reached skill level 14 in Air Magic
   939 | D        | Reached skill level 11 in Evocations
   939 | D        | Killed a fire drake
   939 | D        | Killed a wyvern
   948 | D        | Killed a fire drake
   948 | D        | Killed an eight-headed hydra
   948 | D        | Reached skill level 12 in Shields
   948 | D        | Reached skill level 13 in Spellcasting
   952 | D        | HP: 18/94 [swamp dragon/blast of poison (8)]
   959 | D        | Killed a swamp drake
   959 | D        | HP: 20/94 [suicidal targetting (10)]
   959 | D        | Killed a swamp dragon
   959 | D        | Reached skill level 13 in Armour
   959 | D        | Reached skill level 12 in Evocations
   959 | D        | Reached XP level 11. EP: 30/102
   959 | D        | Killed a swamp dragon
   959 | D        | HP: 6/102 [swamp dragon (5)]
   966 | D        | HP: 25/102 [swamp dragon] (2)]
   967 | D        | Killed a swamp dragon
   967 | D        | Reached skill level 15 in Air Magic
   972 | D        | HP: 23/102 [poisoned by a swamp dragon (poison gas)]
   980 | D        | HP: 23/102 [poisoned by a swamp dragon (poison gas)]
   994 | D        | HP: 25/102 [poisoned by a swamp dragon (poison gas)]
  1001 | D        | HP: 23/102 [poisoned by a swamp dragon (poison gas)]
  1009 | D        | HP: 25/102 [poisoned by a swamp dragon (poison gas)]
  1022 | D        | HP: 25/102 [poisoned by a swamp dragon (poison gas)]
  1027 | D        | HP: 24/102 [poisoned by a swamp dragon (poison gas)]
  1033 | D        | HP: 24/102 [poisoned by a swamp dragon (poison gas)]
  1039 | D        | HP: 23/102 [poisoned by a swamp dragon (poison gas)]
  1046 | D        | HP: 24/102 [poisoned by a swamp dragon (poison gas)]
  1051 | D        | HP: 22/102 [poisoned by a swamp dragon (poison gas)]
  1057 | D        | HP: 21/102 [poisoned by a swamp dragon (poison gas)]
  1063 | D        | HP: 20/102 [poisoned by a swamp dragon (poison gas)]
  1075 | D        | HP: 22/102 [poisoned by a swamp dragon (poison gas)]
  1083 | D        | HP: 23/102 [poisoned by a swamp dragon (poison gas)]
  1094 | D        | HP: 25/102 [poisoned by a swamp dragon (poison gas)]
  1379 | D        | Entered arena 12.
  1379 | D        | Noticed a hellion
  1379 | D        | Noticed a flaming corpse
  1379 | D        | Noticed a vampire
  1379 | D        | Noticed a wraith
  1379 | D        | Noticed a clay golem
  1379 | D        | Noticed a rotting devil
  1380 | D        | Noticed a wraith
  1381 | D        | Noticed a tormentor
  1384 | D        | Killed a rotting devil
  1384 | D        | Offered knowledge of Bolt of Fire by Vehumet.
  1384 | D        | Killed a hellion
  1384 | D        | Reached skill level 2 in Long Blades
  1384 | D        | Killed a wraith
  1384 | D        | Killed a flaming corpse
  1384 | D        | Reached skill level 3 in Long Blades
  1384 | D        | Reached skill level 14 in Spellcasting
  1391 | D        | HP: 20/102 [tormentor/torment (9)]
  1397 | D        | Killed a tormentor
  1397 | D        | Reached skill level 13 in Evocations
  1399 | D        | Killed a wraith
  1405 | D        | HP: 24/102 [clay golem (5)]
  1408 | D        | Killed a clay golem
  1408 | D        | Reached skill level 4 in Long Blades
  1408 | D        | Reached skill level 14 in Armour
  1413 | D        | HP: 23/102 [something (3)]
  1425 | D        | Killed a vampire
  1439 | D        | Learned a level 1 spell: Apportation
  1700 | D        | Entered arena 13.
  1700 | D        | Noticed a deep elf annihilator
  1700 | D        | Noticed a deep elf mage
  1700 | D        | Noticed a deep elf high priest
  1701 | D        | Noticed a deep elf summoner
  1701 | D        | Noticed a deep elf blademaster
  1702 | D        | Noticed a deep elf high priest
  1702 | D        | Noticed a deep elf soldier
  1702 | D        | Noticed a deep elf conjurer
  1702 | D        | Noticed a deep elf fighter
  1702 | D        | Noticed a deep elf mage
  1703 | D        | Noticed a deep elf summoner
  1703 | D        | Noticed a deep elf priest
  1706 | D        | Killed a deep elf mage
  1706 | D        | Offered knowledge of Conjure Ball Lightning by Vehumet.
  1708 | D        | Killed a deep elf mage
  1708 | D        | Killed a deep elf summoner
  1708 | D        | HP: 23/102 [deep elf blademaster/elven sabre (7)]
  1708 | D        | HP: 11/102 [deep elf blademaster/elven sabre (12)]
  1712 | D        | Killed a deep elf conjurer
  1712 | D        | Killed a deep elf high priest
  1712 | D        | Reached skill level 5 in Long Blades
  1712 | D        | Killed a deep elf priest
  1712 | D        | Reached skill level 16 in Air Magic
  1712 | D        | Killed a deep elf high priest
  1712 | D        | Reached skill level 6 in Long Blades
  1712 | D        | Killed a deep elf blademaster
  1712 | D        | Reached skill level 7 in Long Blades
  1712 | D        | Reached skill level 15 in Armour
  1712 | D        | Reached skill level 15 in Spellcasting
  1712 | D        | Reached skill level 14 in Evocations
  1713 | D        | Killed a deep elf annihilator
  1713 | D        | Reached skill level 8 in Long Blades
  1713 | D        | Reached XP level 12. EP: 37/110
  1713 | D        | Killed a deep elf soldier
  1713 | D        | HP: 24/110 [shot self (15)]
  1713 | D        | Killed a deep elf fighter
  1717 | D        | Killed a deep elf summoner
  1724 | D        | HP: 26/110 [poisoned by a deep elf annihilator (poison arrow)]
  1727 | D        | Entered arena 14.
  1727 | D        | Noticed a giant slug
  1727 | D        | Noticed a fire drake
  1728 | D        | Noticed a hippogriff
  1729 | D        | Noticed a crocodile
  1729 | D        | Noticed a komodo dragon
  1730 | D        | HP: 17/110 [poisoned by a deep elf annihilator (poison arrow)]
  1732 | D        | Noticed a crocodile
  1743 | D        | Killed a crocodile
  1743 | D        | Killed a komodo dragon
  1743 | D        | Killed a hippogriff
  1743 | D        | Reached skill level 17 in Air Magic
  1745 | D        | Killed a fire drake
  1746 | D        | HP: 26/110 [crocodile (13)]
  1748 | D        | Noticed a giant slug
  1748 | D        | Killed a crocodile
  1751 | D        | Killed a giant slug
  1763 | D        | Killed a giant slug
  1785 | D        | Got the ring "Thruag" {SustAb MR++ Dex+1 Int+4}
  2021 | D        | Entered arena 15.
  2021 | D        | Noticed Yruviad the pandemonium lord
  2021 | D        | Noticed an orange demon
  2021 | D        | Noticed an orange demon
  2022 | D        | Noticed Vimeta Cham the pandemonium lord
  2022 | D        | Noticed a hellwing
  2022 | D        | Noticed a smoke demon
  2022 | D        | Noticed Enoigg the pandemonium lord
  2022 | D        | Noticed a Hell Sentinel
  2023 | D        | Noticed an Executioner
  2023 | D        | Noticed a hell beast
  2024 | D        | Noticed a neqoxec
  2024 | D        | Noticed a hellwing
  2024 | D        | Noticed a blizzard demon
  2025 | D        | Noticed a rotting devil
  2036 | D        | Entered arena 16.
  2038 | D        | Noticed a small abomination
  2038 | D        | Noticed a hungry ghost
  2039 | D        | Noticed a spiny worm
  2039 | D        | Noticed a large abomination
  2039 | D        | Noticed an iron imp
  2039 | D        | Noticed a sky beast
  2039 | D        | Noticed a large abomination
  2039 | D        | Noticed an efreet
  2040 | D        | Noticed a quasit
  2040 | D        | Noticed a hellwing
  2040 | D        | Noticed a ynoxinul
  2043 | D        | Killed a small abomination
  2044 | D        | Killed an efreet
  2048 | D        | Killed a large abomination
  2048 | D        | Reached skill level 15 in Evocations
  2058 | D        | Killed a quasit
  2063 | D        | Offered knowledge of Fireball by Vehumet.
  2071 | D        | Killed a large abomination
  2071 | D        | Reached skill level 9 in Long Blades
  2072 | D        | Killed an iron imp
  2075 | D        | Killed a sky beast
  2081 | D        | Killed a hellwing
  2087 | D        | HP: 19/109 [spiny worm (18)]
  2089 | D        | Killed a hungry ghost
  2092 | D        | HP: 18/109 [poisoned by a spiny worm]
  2094 | D        | Killed a spiny worm
  2096 | D        | Killed a ynoxinul
  2386 | D        | Entered arena 17.
  2388 | D        | Noticed an iron imp
  2388 | D        | Noticed an iron imp
  2389 | D        | Noticed a quasit
  2389 | D        | Noticed an orange demon
  2389 | D        | Noticed an insubstantial wisp
  2389 | D        | Noticed a quasit
  2389 | D        | Noticed a deep dwarf artificer
  2389 | D        | Noticed a small abomination
  2389 | D        | Noticed a large abomination
  2389 | D        | Noticed an orange demon
  2390 | D        | Noticed a large abomination
  2391 | D        | Noticed a small abomination
  2393 | D        | Offered knowledge of Orb of Destruction by Vehumet.
  2393 | D        | Killed a quasit
  2393 | D        | Killed a quasit
  2394 | D        | Killed a small abomination
  2396 | D        | Killed a large abomination
  2401 | D        | Killed a deep dwarf artificer
  2406 | D        | Killed a large abomination
  2413 | D        | Killed an orange demon
  2415 | D        | Killed a small abomination
  2419 | D        | Killed an orange demon
  2419 | D        | Reached skill level 10 in Long Blades
  2421 | D        | Killed an iron imp
  2422 | D        | Killed an insubstantial wisp
  2425 | D        | Killed an iron imp
  2442 | D        | Upgraded the game from 0.13-a0-1710-g777f831 to 0.13-a0-1762-gc06daff
  2450 | D        | Learned a level 7 spell: Orb of Destruction
  2451 | D        | Identified Ryediun's Volume of Enthralling Conjuration
  2460 | D        | Entered arena 18.
  2462 | D        | Noticed a cyclops
  2462 | D        | Noticed a cyclops
  2462 | D        | Noticed a yaktaur captain
  2463 | D        | Noticed a yaktaur
  2463 | D        | Noticed a merfolk javelineer
  2463 | D        | Noticed a cyclops
  2464 | D        | Noticed a yaktaur
  2464 | D        | Noticed a yaktaur
  2467 | D        | Noticed a centaur
  2469 | D        | Noticed a yaktaur
  2477 | D        | Noticed a yaktaur
  2478 | D        | Noticed a deep elf master archer
  2478 | D        | Killed a yaktaur
  2478 | D        | Reached skill level 16 in Armour
  2479 | D        | Noticed a centaur warrior
  2479 | D        | Noticed a cyclops
  2479 | D        | Noticed a cyclops
  2481 | D        | Noticed a yaktaur
  2482 | D        | Killed a yaktaur
  2482 | D        | Reached skill level 9 in Fighting
  2482 | D        | Killed a centaur warrior
  2483 | D        | Killed a cyclops
  2483 | D        | Reached skill level 16 in Evocations
  2483 | D        | Killed a cyclops
  2483 | D        | Offered knowledge of Poisonous Cloud by Vehumet.
  2483 | D        | Reached skill level 18 in Air Magic
  2483 | D        | Killed a cyclops
  2483 | D        | Killed a centaur
  2483 | D        | Killed a yaktaur
  2483 | D        | Killed a yaktaur captain
  2483 | D        | Killed a cyclops
  2484 | D        | Noticed a yaktaur
  2484 | D        | Killed a merfolk javelineer
  2484 | D        | Reached skill level 11 in Long Blades
  2484 | D        | Killed a cyclops
  2484 | D        | Killed a yaktaur
  2485 | D        | Noticed a stone giant
  2485 | D        | Noticed a yaktaur
  2487 | D        | Noticed a yaktaur
  2487 | D        | Killed a yaktaur
  2487 | D        | Reached skill level 10 in Fighting
  2487 | D        | Identified the +4,+2 scimitar of Purpose {freeze, Str+2 Dex+3}
  2491 | D        | Killed a yaktaur
  2492 | D        | Killed a yaktaur
  2492 | D        | Killed a yaktaur
  2492 | D        | Killed a deep elf master archer
  2492 | D        | Reached XP level 13. EP: 100/118
  2492 | D        | Killed a yaktaur
  2497 | D        | Killed a stone giant
  2497 | D        | Reached skill level 17 in Armour
  2497 | D        | Reached skill level 17 in Evocations
  2516 | D        | Got the +2,+9 spear of Pnism {vamp, rC+}
  2526 | D        | Entered arena 19.
  2526 | D        | Noticed a fire vortex
  2526 | D        | Noticed a fire vortex
  2532 | D        | Noticed a hell hound
  2532 | D        | Noticed a hell hound
  2533 | D        | Noticed a fire giant
  2533 | D        | Noticed a hell hog
  2533 | D        | Noticed a fire elemental
  2533 | D        | Noticed a dragon
  2533 | D        | Noticed a fire elemental
  2533 | D        | Noticed a fire giant
  2533 | D        | Noticed a fire elemental
  2533 | D        | Noticed an efreet
  2533 | D        | Noticed an efreet
  2534 | D        | Noticed a hell hound
  2535 | D        | Noticed a hell hound
  2536 | D        | Noticed a fire giant
  2536 | D        | Noticed an efreet
  2537 | D        | Noticed an efreet
  2540 | D        | Noticed a dragon
  2540 | D        | Killed a hell hound
  2540 | D        | Killed a hell hound
  2540 | D        | Killed an efreet
  2540 | D        | Killed a hell hound
  2540 | D        | Reached skill level 12 in Long Blades
  2540 | D        | Killed a hell hound
  2541 | D        | Noticed a fire drake
  2541 | D        | Killed a fire elemental
  2541 | D        | Killed an efreet
  2541 | D        | Killed a hell hog
  2541 | D        | Reached skill level 19 in Air Magic
  2542 | D        | Noticed a fire giant
  2543 | D        | Noticed a fire giant
  2545 | D        | Killed an efreet
  2545 | D        | Killed a fire giant
  2545 | D        | Killed a dragon
  2545 | D        | Reached skill level 11 in Fighting
  2545 | D        | Killed a fire elemental
  2545 | D        | Killed a fire elemental
  2545 | D        | Killed a fire giant
  2545 | D        | Killed an efreet
  2555 | D        | Killed a fire drake
  2556 | D        | Killed a fire giant
  2560 | D        | Killed a fire giant
  2560 | D        | Reached skill level 13 in Long Blades
  2560 | D        | Reached skill level 18 in Evocations
  2560 | D        | Killed a dragon
  2562 | D        | Killed a fire giant
  2562 | D        | Reached skill level 18 in Armour
  2579 | D        | Killed a fire vortex
  2583 | D        | Killed a fire vortex
  2717 | D        | Entered arena 20.
  2721 | D        | Noticed a water moccasin
  2721 | D        | Noticed a naga mage
  2722 | D        | Noticed a greater naga
  2722 | D        | Noticed an anaconda
  2722 | D        | Noticed a naga warrior
  2722 | D        | Noticed a greater naga
  2722 | D        | Noticed an anaconda
  2722 | D        | Noticed a guardian serpent
  2723 | D        | Noticed a water moccasin
  2723 | D        | Noticed a greater naga
  2723 | D        | Noticed a greater naga
  2723 | D        | Noticed a water moccasin
  2723 | D        | Noticed a naga mage
  2723 | D        | Noticed a naga
  2723 | D        | Noticed a guardian serpent
  2723 | D        | Noticed a naga warrior
  2723 | D        | Noticed a naga
  2724 | D        | Noticed a naga warrior
  2724 | D        | Noticed a naga warrior
  2724 | D        | Noticed a naga mage
  2724 | D        | Noticed an anaconda
  2724 | D        | Noticed a greater naga
  2724 | D        | Noticed an anaconda
  2733 | D        | Killed an anaconda
  2733 | D        | Offered knowledge of Freezing Cloud by Vehumet.
  2733 | D        | Reached skill level 12 in Fighting
  2733 | D        | Killed a water moccasin
  2733 | D        | Killed a water moccasin
  2733 | D        | Killed an anaconda
  2735 | D        | Noticed a water moccasin
  2737 | D        | Killed a guardian serpent
  2737 | D        | Reached skill level 20 in Air Magic
  2737 | D        | Killed a water moccasin
  2737 | D        | Killed an anaconda
  2737 | D        | Killed an anaconda
  2737 | D        | Killed a naga mage
  2737 | D        | Killed a naga mage
  2743 | D        | Killed a greater naga
  2743 | D        | Reached skill level 14 in Long Blades
  2744 | D        | Noticed a greater naga
  2745 | D        | Killed a water moccasin
  2745 | D        | Killed a greater naga
  2745 | D        | Reached XP level 14. EP: 117/130
  2745 | D        | Killed a naga
  2747 | D        | Killed a greater naga
  2747 | D        | Reached skill level 19 in Evocations
  2747 | D        | Killed a guardian serpent
  2747 | D        | Killed a greater naga
  2747 | D        | Killed a greater naga
  2747 | D        | Reached skill level 13 in Fighting
  2747 | D        | Killed a naga warrior
  2747 | D        | Reached skill level 19 in Armour
  2747 | D        | Killed a naga warrior
  2749 | D        | Killed a naga warrior
  2752 | D        | Killed a naga mage
  2755 | D        | Killed a naga
  2761 | D        | Killed a greater naga
  2761 | D        | Reached skill level 15 in Long Blades
  2772 | D        | Killed a naga warrior
  2841 | D        | Entered arena 21.
  2845 | D        | Noticed a great orb of eyes
  2845 | D        | Noticed a death ooze
  2846 | D        | Noticed an acid blob
  2846 | D        | Noticed a great orb of eyes
  2846 | D        | Noticed an acid blob
  2846 | D        | Noticed a slime creature
  2846 | D        | Noticed a golden eye
  2847 | D        | Noticed a slime creature
  2847 | D        | Noticed a giant amoeba
  2847 | D        | Noticed a brown ooze
  2847 | D        | Noticed a brown ooze
  2847 | D        | Noticed a death ooze
  2848 | D        | Noticed an acid blob
  2848 | D        | Noticed a death ooze
  2850 | D        | Killed a golden eye
  2856 | D        | Noticed a shining eye
  2856 | D        | Noticed an azure jelly
  2860 | D        | Noticed a brown ooze
  2860 | D        | Noticed an azure jelly
  2865 | D        | Killed a death ooze
  2865 | D        | Reached skill level 21 in Air Magic
  2866 | D        | Noticed a brown ooze
  2867 | D        | Noticed a slime creature
  2867 | D        | Killed an acid blob
  2867 | D        | Reached skill level 4 in Dodging
  2868 | D        | Killed a great orb of eyes
  2869 | D        | Killed an acid blob
  2869 | D        | Reached skill level 14 in Fighting
  2869 | D        | Reached skill level 5 in Dodging
  2869 | D        | Reached skill level 20 in Evocations
  2869 | D        | Killed a great orb of eyes
  2869 | D        | Killed a death ooze
  2872 | D        | Noticed a shining eye
  2872 | D        | Noticed a giant amoeba
  2872 | D        | Killed an acid blob
  2872 | D        | Reached skill level 20 in Armour
  2872 | D        | Reached skill level 6 in Dodging
  2872 | D        | Killed a death ooze
  2872 | D        | Killed a brown ooze
  2872 | D        | Killed a brown ooze
  2872 | D        | Killed a brown ooze
  2876 | D        | Slain by an azure jelly

Vanquished Creatures
  3 acid blobs (D)
  A deep elf blademaster (D)
  5 fire giants (D)
  A stone giant (D)
  6 greater nagas (D)
  A deep elf annihilator (D)
  A deep elf master archer (D)
  A yaktaur captain (D)
  2 great orbs of eyes (D)
  2 dragons (D)
  A hydra (D)
  3 death oozes (D)
  A merfolk javelineer (D)
  4 anacondas (D)
  2 deep elf high priests (D)
  A centaur warrior (D)
  2 hell hogs (D)
  3 swamp dragons (D)
  4 naga warriors (D)
  4 large abominations (D)
  A hellion (D)
  A flaming corpse (D)
  2 guardian serpents (D)
  A spiny worm (D)
  5 cyclopes (D)
  2 black mambas (D)
  A tormentor (D)
  2 orange demons (D)
  9 yaktaurs (D)
  A hellwing (D)
  4 naga magi (D)
  6 efreet (D)
  A deep dwarf artificer (D)
  3 brown oozes (D)
  A komodo dragon (D)
  A blue devil (D)
  A red devil (D)
  A polar bear (D)
  3 fire vortices (D)
  4 jumping spiders (D)
  A flying skull (D)
  A vampire (D)
  2 wraiths (D)
  A golden eye (D)
  A deep elf conjurer (D)
  2 tarantellas (D)
  3 merfolk (D)
  4 fire elementals (D)
  A wyvern (D)
  A hungry ghost (D)
  A ynoxinul (D)
  A clay golem (D)
  4 fire drakes (D)
  2 redbacks (D)
  A deep elf fighter (D)
  2 deep elf summoners (D)
  3 hippogriffs (D)
  A mottled dragon (D)
  5 hell hounds (D)
  3 small abominations (D)
  An ice beast (D)
  2 swamp drakes (D)
  2 freezing wraiths (D)
  3 phantoms (D)
  A sky beast (D)
  A deep elf priest (D)
  2 nagas (D)
  2 centaurs (D)
  2 crocodiles (D)
  A draconian (D)
  7 water moccasins (D)
  A rotting devil (D)
  2 deep elf magi (D)
  2 giant slugs (D)
  An insubstantial wisp (D)
  3 quasits (D)
  A sky beast zombie (D)
  4 iron imps (D)
  A deep elf soldier (D)
  2 jellies (D)
  3 lemures (D)
  5 shadow imps (D)
  3 adders (D)
  An adder zombie (D)
  A giant centipede (D)
  A giant mite (D)
  3 white imps (D)
  A worm (D)
  23 ufetubi (D)
  A giant mite zombie (D)
  A ball python (D)
  2 bats (D)
  A giant cockroach simulacrum (D)
  A giant gecko (D)
  A giant newt skeleton (D)
  A goblin simulacrum (D)
  A hobgoblin skeleton (D)
  A hobgoblin zombie (D)
  A jackal zombie (D)
  A rat zombie (D)
  A fungus (D)
233 creatures vanquished.

Vanquished Creatures (others)
  A spatial maelstrom (D)
1 creature vanquished.

Grand Total: 234 creatures vanquished
